 Dungeon Crawl Stone Soup version 0.27.1 (webtiles) character file.

Game seed: 4531874721435797244

96 JackSzpara the Shield-Bearer (level 4, 0/40 HPs)
             Began as a Minotaur Fighter on Sept 3, 2021.
             Succumbed to a scorpion's poison
             ... on level 4 of the Dungeon.
             The game lasted 00:05:58 (301 turns).

JackSzpara the Shield-Bearer (Minotaur Fighter)      Turns: 301, Time: 00:05:59

Health: 0/40       AC:  7    Str: 21    XL:     4   Next: 41%
Magic:  3/3        EV:  8    Int:  5    God:
Gold:   45         SH:  9    Dex: 10    Spells: 3/3 levels left

rFire    . . .     SeeInvis .   a - +0 flail
rCold    . . .     Faith    .   c - +0 kite shield
rNeg     . . .     Spirit   .   b - +0 scale mail
rPois    .         Reflect  .   (helmet restricted)
rElec    .         Harm     .   (no cloak)
rCorr    .         Rampage  .   (no gloves)
Will     .....                  (no boots)
Stlth    ..........             (no amulet)
HPRegen  0.13/turn              (no ring)
MPRegen  0.08/turn              (no ring)

@: lethally poisoned (0 -> -1)
A: horns 2, retaliatory headbutt
a: no special abilities


You were on level 4 of the Dungeon.
You visited 1 branch of the dungeon, and saw 4 of its levels.

You collected 45 gold pieces.

Inventory:

Hand Weapons
 a - a +0 flail (weapon)
 e - a +0 dagger
Missiles
 f - 43 stones (quivered)
Armour
 b - a +0 scale mail (worn)
 c - a +0 kite shield (worn)
 h - a +0 robe
Potions
 d - a potion of might
 g - a potion of lignification {unknown}
 i - a potion of flight {unknown}


   Skills:
 + Level 4.3 Fighting
 + Level 3.5 Maces & Flails
 + Level 4.3 Armour
 + Level 1.0 Dodging
 + Level 4.5 Shields


You had 3 spell levels left.
You didn't know any spells.
Your spell library was empty.

Dungeon Overview and Level Annotations

Branches:
Dungeon (4/15)
 Temple: D:4-7

Altars:


Innate Abilities, Weirdness & Mutations

You have a pair of horns on your head.
You reflexively headbutt those who attack you in melee.


Message History

Your Maces & Flails skill increases to level 3!
Your Armour skill increases to level 4!
Your Dodging skill increases to level 1!
You have reached level 3!
Your experience leads to an increase in your attributes!
Increase (S)trength, (I)ntelligence, or (D)exterity?
Uppercase letters only, please.
You feel stronger.
You have reached level 4!
You feel agile.
Unknown command.
Found a whip.
The scorpion stings you!
* * * LOW HITPOINT WARNING * * *
You are lethally poisoned!
The scorpion poisons you!
You closely miss the scorpion. You headbutt the scorpion!
The scorpion is heavily wounded.
* * * LOW HITPOINT WARNING * * *
You feel very sick.
The scorpion stings you but does no damage. x2
You closely miss the scorpion.
The scorpion is heavily wounded.
* * * LOW HITPOINT WARNING * * *
You feel sick. You block the scorpion's attack.
The scorpion stings you but does no damage.
You completely miss the scorpion.
The scorpion is heavily wounded.
* * * LOW HITPOINT WARNING * * *
You feel sick. You block the scorpion's attack.
You hit the scorpion.
The scorpion is heavily wounded.
* * * LOW HITPOINT WARNING * * *
You feel sick.
The scorpion stings you but does no damage.
You block the scorpion's attack.
Your shield and scale mail prevent you from hitting the scorpion.
You headbutt the scorpion!
The scorpion is almost dead.
You die...

....... .... ##
###......
.......
..###...# ......
#....§.<## ..#..
. #.#####..#
...##.. ##§##
....).. #..##
##.......
##..#####..# .
#.......@.##....
#.######s.......
#..# ##.......
#.## ....... ..
....... ..#
....... ...
.##.... ... ##
.... ...


You could see a scorpion.

Vanquished Creatures
  A phantom (D:4)
  A giant cockroach (D:1)
  4 goblins
  2 hobgoblins
  4 jackals (D:1)
  A quokka (D:1)
  A bat (D:1)
  A frilled lizard (D:1)
  2 kobolds
  3 rats
20 creatures vanquished.

Notes
Turn   | Place    | Note
-------+----------+-------------------------------------------
     0 | D:1      | JackSzpara the Minotaur Fighter began the quest for the
                  | Orb.
     0 | D:1      | Reached XP level 1. HP: 19/19 MP: 0/0
    66 | D:1      | Reached XP level 2. HP: 19/27 MP: 1/1
   284 | D:4      | Noticed a phantom
   291 | D:4      | Noticed a scorpion
   293 | D:4      | Killed a phantom
   294 | D:4      | Reached skill level 1 in Dodging
   294 | D:4      | Reached XP level 3. HP: 12/33 MP: 2/2
   294 | D:4      | Reached XP level 4. HP: 15/40 MP: 3/3
   300 | D:4      | HP: 1/40 [poisoned by a scorpion]
   301 | D:4      | Succumbed to a scorpion's poison

Illustrated notes

Levels and vault maps discovered:
D:1:      evilmike_arrival_plus, layout_loops_cross,
          ebering_ecumenical_altar_petrified
D:2:      layout_basic, serial_shops, nicolae_shop_behind_doors
D:3:      cheibrodos_thug_alley, layout_loops_ring, led_sif_book, serial_bayou,
          serial_bayou_pond_c, serial_bayou_lagoon_b, serial_bayou_shore_b,
          serial_bayou_lagoon_a, serial_bayou_pond_c, serial_bayou_pond_c,
          hellmonk_ghost_happy_afterlife, hangedman_decor_clover_reticule,
          uniq_jessica, uniq_ijyb
D:4:      layout_layer_cave, uniq_pikel

Skill      XL: |  1  2 |
---------------+-------+-----
Shields        | 4 |  4.5
Fighting       | 4 |  4.3
Maces & Flails | 3 |  3.5
Armour         | 4 |  4.3
Dodging        | 1 |  1.0

Action                   |  1- 3 |  4- 6 || total
-------------------------+-------+-------++-------
Melee: Flail             |    45 |     5 ||    50
       Headbutt          |     1 |     2 ||     3
Armor: Scale mail        |    24 |     4 ||    28
Dodge: Dodged            |    14 |       ||    14
Block: Kite shield       |    28 |     3 ||    31
